 Dungeon Crawl Stone Soup version 0.27.0-1-g7a089689b8 (webtiles) character file.

Game seed: 16379154275095407515

409 Gunterle the Skirmisher (level 7, 0/54 HPs)
             Began as a Djinni Monk on Aug 6, 2021.
             Slain by a gnoll shaman (2 damage)
             ... on level 4 of the Dungeon.
             The game lasted 00:16:14 (4761 turns).

Gunterle the Skirmisher (Djinni Monk)               Turns: 4761, Time: 00:16:15

Health: 0/54       AC:  8    Str:  9 (12) XL:     7   Next: 13%
Gold:   119        EV: 12    Int: 11 (12) God:
                   SH:  0    Dex: 12 (15)

rFire    + + .     SeeInvis .   a - +1 falchion
rCold    x . .     Faith    .   (no shield)
rNeg     . . .     Spirit   .   d - +0 leather armour
rPois    ∞         Reflect  .   (no helmet)
rElec    .         Harm     .   (no cloak)
rCorr    .         Rampage  .   p - +0 pair of gloves
Will     .....                  (boots unavailable)
Stlth    +.........             (no amulet)
HPRegen  0.18/turn              f - +4 ring of protection
MPRegen  0.00/turn              (no ring)

@: flying
A: sickness immunity, fire resistance 2, cold vulnerability 1, float, innate
caster, hp casting, extra vitality 1
a: no special abilities


You were on level 4 of the Dungeon.
You visited 1 branch of the dungeon, and saw 5 of its levels.

You collected 119 gold pieces.

Inventory:

Hand Weapons
 a - a +1 falchion (weapon)
 l - a +0 hunting sling
 s - a +0 trident
 t - a +2 short sword of venom
Missiles
 h - 96 stones (quivered)
 i - 64 bolts
 k - 12 arrows
 m - 48 sling bullets
Armour
 b - a +0 robe
 d - a +0 leather armour (worn)
 p - a +0 pair of gloves (worn)
Magical Staves
 j - a staff of fire
Jewellery
 f - a +4 ring of protection (left hand)
 u - a ring of fire
Scrolls
 c - a scroll of magic mapping {unknown}
 e - a scroll of enchant weapon
 g - 2 scrolls of fear
Potions
 o - 2 potions of magic
 r - a potion of attraction {unknown}


   Skills:
 * Level 5.3 Fighting
 * Level 4.6 Long Blades
 + Level 2.7 Armour
 - Level 3.4 Dodging
 - Level 1.5 Stealth


You couldn't memorise any spells.
You knew the following spells:

 Your Spells              Type           Power      Damage    Failure   Level
a - Corona                Hex            0%         N/A       43%         1
b - Blink                 Tloc           N/A        N/A       58%         2
c - Gell's Gravitas       Tloc           0%         N/A       82%         3
Your spell library was empty.

Dungeon Overview and Level Annotations

Branches:
Dungeon (5/15)
 Temple: D:4-7

Altars:
Cheibriados
Sif Muna

Shops:
D:1 (

Annotations:
D:2 Sigmund
D:4 exclusions: hobgoblin and ogre


Innate Abilities, Weirdness & Mutations

You are immune to sickness and miasma.
You are immune to poison.
Your flesh is very heat resistant. (rF++)
You are vulnerable to cold. (rC-)
You float through the air rather than walking.
You learn spells naturally, not from books.
Your magical power is your life essence.
You have superior vitality. (+4 HP)


Message History

The gnoll shaman is heavily wounded.
The gnoll shaman misses you.
You hit the gnoll shaman.
The gnoll shaman is severely wounded.
The gnoll shaman hits you with a +0 club.
You feel less invigorated.
You feel less confused.
The gnoll shaman hits you with a +0 club!
You see here a +0 whip.
You hit the gnoll shaman but do no damage.
The gnoll shaman is severely wounded.
The gnoll shaman hits you with a +0 club.
* * * LOW HITPOINT WARNING * * *
You hit the gnoll shaman.
The gnoll shaman is severely wounded.
The gnoll shaman mumbles some strange prayers to its god.
The gnoll shaman is healed somewhat.
You hit the gnoll shaman.
The gnoll shaman is heavily wounded.
The gnoll shaman closely misses you.
You riposte.
You barely miss the gnoll shaman.
The gnoll shaman is heavily wounded.
You hit the gnoll shaman but do no damage.
The gnoll shaman is heavily wounded.
The gnoll shaman barely misses you.
The gnoll shaman hits you with a +0 club.
* * * LOW HITPOINT WARNING * * *
You hit the gnoll shaman.
The gnoll shaman is severely wounded.
The gnoll shaman hits you with a +0 club!
* * * LOW HITPOINT WARNING * * *
You hit the gnoll shaman.
The gnoll shaman is almost dead.
The gnoll shaman closely misses you.
You riposte.
You hit the gnoll shaman but do no damage.
The gnoll shaman is almost dead.
You hit the gnoll shaman.
The gnoll shaman is almost dead.
The gnoll shaman hits you with a +0 club.
You die...

# #### ...# ####
####..#######.._.O ...######
#####..<.h................#.....
#...........................####
#.######.#.#.########..g..# #
#.# #.#.#...@g####.....# # #.#
#.#.#####>##...[...# # #.#
#.#.#####÷##.# # #.##
#.#.....#.##.# ### #### #..#
#.#####......###.#####... ##.#
#.# #.........##....#..## #.#
##.# #.........##.##...## #.#
#..# #.........##.##...# #.#
#.## #................##


You could see a gnoll shaman.

Vanquished Creatures
  A water moccasin zombie (D:5)
  A jelly (D:5)
  4 hounds
  An iguana (D:3)
  6 gnolls
  3 adders
  An ufetubus (D:3)
  2 adder skeletons (D:4)
  2 worms (D:3)
  A dart slug (D:2)
  3 orcs (D:3)
  7 ball pythons
  6 endoplasms
  3 giant cockroaches
  12 goblins
  6 hobgoblins
  8 jackals (D:1)
  7 bats
  A frilled lizard (D:2)
  4 kobolds
  4 rats
83 creatures vanquished.

Notes
Turn   | Place    | Note
-------+----------+-------------------------------------------
     0 | D:1      | Gunterle the Djinni Monk began the quest for the Orb.
     0 | D:1      | Reached XP level 1. HP: 20/20 MP: 0/0
   316 | D:1      | Reached XP level 2. HP: 17/25 MP: 0/0
   850 | D:1      | Found Lerufent's Weapon Shoppe.
   922 | D:1      | Reached XP level 3. HP: 30/30 MP: 0/0
   922 | D:1      | Learned a level 1 spell: Corona
   975 | D:1      | You are sucked into a shaft and drop 1 floor!
   998 | D:2      | Reached skill level 1 in Armour
   998 | D:2      | Reached XP level 4. HP: 29/37 MP: 0/0
  1737 | D:2      | Noticed Sigmund
  1978 | D:3      | Reached skill level 4 in Fighting
  2196 | D:3      | Reached XP level 5. HP: 38/41 MP: 0/0
  2196 | D:3      | Learned a level 2 spell: Blink
  2718 | D:4      | Found a snail-covered altar of Cheibriados.
  2733 | D:4      | Noticed a black bear
  3121 | D:2      | Reached XP level 6. HP: 41/48 MP: 0/0
  3788 | D:4      | Noticed an ogre
  4158 | D:5      | Entered Level 5 of the Dungeon
  4182 | D:5      | Reached skill level 5 in Fighting
  4606 | D:5      | Reached XP level 7. HP: 41/54 MP: 0/0
  4606 | D:5      | Learned a level 3 spell: Gell's Gravitas
  4759 | D:4      | HP: 2/54 [gnoll shaman (7)]
  4761 | D:4      | Slain by a gnoll shaman

Illustrated notes

Levels and vault maps discovered:
D:1:      nzn_arrival_water_spiral, layout_basic, serial_shops,
          nicolae_shop_behind_doors, corner_web_ring
D:2:      layout_rooms, uniq_sigmund
D:3:      layout_basic
D:4:      layout_rooms, cheibriados_altar_1
D:5:      layout_basic, lemuel_blue_sif_altar, lemuel_doored_altar

Skill      XL: |  1  2  3  4  5  6 |
---------------+-------------------+-----
Long Blades    | 3 4 |  4.6
Armour         | 1 2 |  2.7
Fighting       | 4 5 |  5.3
Dodging        | |  3.4
Stealth        | |  1.5

Action                   |  1- 3 |  4- 6 |  7- 9 || total
-------------------------+-------+-------+-------++-------
Melee: Falchion          |    80 |   190 |    35 ||   305
Throw: Stone             |       |    12 |       ||    12
 Cast: Corona            |       |    22 |     1 ||    23
  Use: Scroll            |     2 |       |       ||     2
       Potion            |       |       |     3 ||     3
 Stab: Sleeping          |     1 |     1 |       ||     2
Armor: Robe              |     4 |       |       ||     4
       Leather armour    |    35 |    60 |     5 ||   100
Dodge: Dodged            |    59 |   127 |    16 ||   202
       Rpst.: Falchion   |    20 |    42 |     6 ||    68
